 Dungeon Crawl Stone Soup version 0.19.1 (webtiles) character file.

693 Host24 the Skirmisher (level 7, -2/43 HPs)
             Began as a Kobold Hunter on Dec 26, 2016.
             Was a Follower of Hepliaklqana.
             Killed from afar by a steam dragon (13 damage)
             ... with a ball of steam
             ... on level 5 of the Dungeon.
             The game lasted 00:10:01 (4317 turns).

Host24 the Skirmisher (Kobold Hunter)               Turns: 4317, Time: 00:10:01

Health: -2/43      AC:  5    Str:  9    XL:     7   Next: 96%
Magic:  7/7        EV: 19    Int: 12    God:    Hepliaklqana [*.....]
Gold:   201        SH:  0    Dex: 18    Spells: 0 memorised, 6 levels left

rFire  . . .     SeeInvis .     M - +2 hand axe (chop)
rCold  . . .     Gourm    .     k - +0 robe (curse)
rNeg   . . .     Faith    +     (shield restricted)
rPois  .         Spirit   .     g - +0 helmet
rElec  .         Reflect  .     s - +0 cloak
rCorr  +         Harm     .     (no gloves)
MR     .....                    u - +0 pair of boots
Stlth  ++........               v - amulet of faith
                                y - ring of resist corrosion
                                l - ring of flight (curse)

@: no status effects
A: reduced essence, carnivore 3
a: Recall Ancestor, Ancestor Identity, Renounce Religion, Evoke Flight


You were on level 5 of the Dungeon.
You worshipped Hepliaklqana.
Hepliaklqana was aware of your devotion.
You were very full.

You visited 1 branch of the dungeon, and saw 5 of its levels.

You collected 201 gold pieces.

Inventory:

Hand Weapons
 a - a +1 hand crossbow
 b - a +0 short sword
 M - a +2 hand axe of chopping (weapon)
Missiles
 d - 8 bolts
 j - 36 poisoned needles
 n - 85 stones (quivered)
 x - a throwing net
 H - 3 tomahawks
 I - 64 arrows
Armour
 c - a +0 leather armour
 g - a +0 helmet (worn)
 k - a cursed +0 robe (worn)
 s - a +0 cloak (worn)
 u - a +0 pair of boots (worn)
Jewellery
 l - a cursed ring of flight (left hand)
 v - an amulet of faith (around neck)
 y - a ring of resist corrosion (right hand)
 J - an uncursed ring of flight
 O - the ring "Ysuo" {rF- rN+ Str+4 Stlth-}
   (You found it on level 5 of the Dungeon)

   [ring of loudness]

   It affects your strength (+4).
   It makes you vulnerable to fire.
   It protects you from negative energy.
   It makes you less stealthy.
Wands
 D - a wand of lightning (8/15)
 P - a wand of enslavement (10/24)
Scrolls
 h - a scroll of enchant armour {unknown}
 m - a scroll of enchant weapon {unknown}
 o - 3 scrolls of identify
 p - a scroll of fear {unknown}
 w - a scroll of noise {unknown}
 C - a scroll of random uselessness {unknown}
 G - 3 scrolls of teleportation {unknown}
 L - a scroll of amnesia {unknown}
 N - a scroll of remove curse {unknown}
Potions
 e - a potion of degeneration {unknown}
 i - a potion of curing {unknown}
 q - a potion of berserk rage {unknown}
 r - a potion of might {unknown}
 t - 2 potions of haste {unknown}
 z - a potion of brilliance {unknown}
 B - a potion of heal wounds {unknown}
 E - 2 potions of magic {unknown}
 F - 2 potions of agility {unknown}
Books
 Q - a book of Minor Magic

   Spells                             Type                      Level
   a - Magic Dart                     Conjuration                  1
   b - Blink                          Translocation                2
   c - Call Imp                       Summoning                    2
   d - Repel Missiles                 Charms/Air                   2
   e - Slow                           Hexes                        2
   f - Conjure Flame                  Conjuration/Fire             3
   g - Mephitic Cloud                 Conjuration/Poison/Air       3
Comestibles
 f - 4 meat rations
 A - a beef jerky
 K - a royal jelly


   Skills:
 - Level 7.2 Fighting
 - Level 5.0 Crossbows
 + Level 6.4 Dodging
 - Level 1.3 Stealth


You had 6 spell levels left.
You didn't know any spells.

Dungeon Overview and Level Annotations

Branches:
Dungeon (5/15)
 Temple: D:4-7

Altars:
Ashenzari
Fedhas
Hepliaklqana
Makhleb
Nemelex Xobeh
Qazlal
Sif Muna
Yredelemnul
The Shining One

Shops:
D:4 :

Annotations:
D:3 Host24's ghost, amateur KoHu


Innate Abilities, Weirdness & Mutations

You are small and have problems with some larger weapons.
You are carnivorous and can eat meat at any time.
Your life essence is reduced. (-10% HP)


Message History

* * * LOW HITPOINT WARNING * * *
The steam dragon claws you but does no damage.
The steam dragon misses you. The steam dragon completely misses you.
You hit the steam dragon.
The steam dragon is lightly wounded.
Ashraani hits the steam dragon.
The steam dragon completely misses you. The steam dragon misses you.
You hit the steam dragon but do no damage.
The steam dragon is lightly wounded.
The steam dragon bites you but does no damage.
The steam dragon claws you but does no damage.
Ashraani barely misses the steam dragon.
Ashraani hits the steam dragon.
The steam dragon completely misses you. The steam dragon claws you.
* * * LOW HITPOINT WARNING * * *
You hit the steam dragon.
The steam dragon is moderately wounded.
The steam dragon breathes steam at you. The ball of steam hits you!
You die...

##. # #.. .# #.#.# .#
#.#.###.# .# # #.......#
.# ###.#### #.# .# # ..
...# #.# ###
.####.##.##.####R#####...#
................@D........
.# #.##.##.###...........
.####.......# #.###.....:.
.........##.# #.# .......
.####.##.##.# ... ......)
.####.##.##.##... ...>...
............##.... .......
#######...####.##. D.....#
# #...# #. ........#


You could see the friendly Ashraani the ancestor and a steam dragon.

Vanquished Creatures
  Grinder (D:3)
  2 ogres (D:4)
  A water moccasin zombie (D:4)
  A scorpion (D:4)
  A hound (D:5)
  2 adders (D:2)
  A shadow imp (D:5)
  2 oozes
  A worm (D:2)
  2 leopard geckos
  4 orcs
  2 ball pythons
  5 bats
  12 hobgoblins
  7 kobolds
  4 quokkas
  3 frilled lizards (D:2)
  4 goblins
  6 rats
61 creatures vanquished.

Vanquished Creatures (collateral kills)
  Blork the orc (D:4)
  An adder (D:4)
  2 adder skeletons
  A worm (D:2)
  2 hobgoblins
  A quokka (D:4)
  A goblin (D:2)
  A kobold (D:2)
  2 rats (D:2)
12 creatures vanquished.

Vanquished Creatures (others)
  2 ancestors
2 creatures vanquished.

Grand Total: 75 creatures vanquished

Notes
Turn   | Place    | Note
-------+----------+-------------------------------------------
     0 | D:1      | Host24 the Kobold Hunter began the quest for the Orb.
     0 | D:1      | Reached XP level 1. HP: 12/12 MP: 1/1
   157 | D:1      | Reached skill level 3 in Fighting
   157 | D:1      | Reached XP level 2. HP: 17/19 MP: 2/2
   392 | D:1      | Reached XP level 3. HP: 21/23 MP: 3/3
  1024 | D:2      | Reached skill level 4 in Fighting
  1130 | D:2      | Reached XP level 4. HP: 15/29 MP: 4/4
  1378 | D:2      | Found a hazy altar of Hepliaklqana.
  1378 | D:2      | Found a faded altar of an unknown god.
  1448 | D:2      | Found a faded altar of an unknown god.
  1450 | D:2      | Found a faded altar of an unknown god.
  1451 | D:2      | Found a faded altar of an unknown god.
  1461 | D:2      | Became a worshipper of Hepliaklqana the Forgotten
  1687 | D:2      | Found a deep blue altar of Sif Muna.
  1721 | D:2      | Found a blossoming altar of Fedhas.
  1721 | D:2      | Found a stormy altar of Qazlal.
  1724 | D:2      | Found a sparkling altar of Nemelex Xobeh.
  1726 | D:2      | Found a basalt altar of Yredelemnul.
  2036 | D:3      | Reached skill level 5 in Crossbows
  2119 | D:3      | Noticed Grinder
  2134 | D:3      | Paralysed by Grinder for 3 turns
  2144 | D:3      | Killed Grinder
  2144 | D:3      | Reached skill level 6 in Fighting
  2144 | D:3      | Reached XP level 5. HP: 10/32 MP: 5/5
  2144 | D:3      | Reached XP level 6. HP: 12/36 MP: 6/6
  2352 | D:3      | Found a burning altar of Makhleb.
  2587 | D:3      | Noticed Host24's ghost (amateur KoHu)
  3260 | D:4      | Noticed an ogre
  3267 | D:4      | Killed an ogre
  3267 | D:4      | Reached XP level 7. HP: 38/42 MP: 7/7
  3270 | D:4      | Reached skill level 7 in Fighting
  3299 | D:4      | Reached * piety under Hepliaklqana
  3320 | D:4      | Reached skill level 5 in Dodging
  3342 | D:4      | Noticed Blork the orc
  3366 | D:4      | HP: 1/43 [something (10)]
  3372 | D:4      | Killed Blork the orc
  3833 | D:4      | Found Ascheidd's Book Boutique.
  3985 | D:4      | Found a shattered altar of Ashenzari.
  3985 | D:4      | Found a glowing golden altar of the Shining One.
  4136 | D:5      | Entered Level 5 of the Dungeon
  4171 | D:5      | Got a wavering glass ring
  4172 | D:5      | Identified the ring "Ysuo" {rF- rN+ Str+4 Stlth-} (You found it on level 5 of the Dungeon)
  4302 | D:5      | Noticed a steam dragon
  4317 | D:5      | Killed from afar by a steam dragon

Skill      XL: |  1  2  3  4  5  6  7 |
---------------+----------------------+-----
Fighting       | 3 4 6 7 |  7.2
Dodging        | 3 4 6 |  6.4
Crossbows      | 5 |  5.0
Stealth        | |  1.3

Action                   |  1- 3 |  4- 6 |  7- 9 || total
-------------------------+-------+-------+-------++-------
Melee: Short sword       |   119 |    82 |    23 ||   224
       Hand axe          |       |       |    17 ||    17
 Fire: Hand crossbow     |     2 |    46 |    19 ||    67
Throw: Stone             |       |       |     2 ||     2
Invok: Ancestor Identity |       |     1 |       ||     1
  Use: Scroll            |       |       |     2 ||     2
 Stab: Sleeping          |       |     3 |     1 ||     4
       Distracted        |       |       |     1 ||     1
  Eat: Chunk             |     9 |     7 |     2 ||    18
Armor: Leather armour    |     9 |       |       ||     9
       Robe              |     2 |    15 |     8 ||    25
Dodge: Dodged            |    92 |    91 |    48 ||   231
